 Dungeon Crawl Stone Soup version 0.31-a0-795-g5eb97db20b (webtiles) character file.

Game seed: 13700574243580550473

55 Shayle the Trooper (level 3, -2/37 HPs)
             Began as an Ogre Hexslinger on Sept 19, 2023.
             Slain by a white imp (5 damage)
             ... on level 3 of the Dungeon.
             The game lasted 00:04:33 (1984 turns).

Shayle the Trooper (Ogre Hexslinger)                Turns: 1984, Time: 00:04:35

Health: -2/37      AC:  3    Str: 12    XL:     3   Next: 93%
Magic:  2/6        EV: 10    Int: 16    God:
Gold:   85         SH:  0    Dex: 11    Spells: 5/6 levels left

rFire   . . .        a - +1 sling
rCold   . . .        (no shield)
rNeg    . . .        c - +0 robe
rPois   .            (helmet restricted)
rElec   .            (no cloak)
rCorr   .            (gloves unavailable)
SInv    .            (boots unavailable)
Will    .....        (no amulet)
Stlth   +            (no ring)
HPRegen 0.26/turn    (no ring)
MPRegen 0.10/turn

%: no passive effects
@: very slightly contaminated
A: large, unfitting armour, tough skin 1
a: no special abilities


You were on level 3 of the Dungeon.
You visited 1 branch of the dungeon, and saw 3 of its levels.

You collected 85 gold pieces.

Inventory:

Hand Weapons
 a - a +1 sling (weapon)
Armour
 c - a +0 robe (worn)
Scrolls
 b - a scroll of poison
 d - 2 scrolls of identify {unknown}
 e - 2 scrolls of fog {unknown}
 g - 4 scrolls of blinking {unknown}
 h - a scroll of vulnerability {unknown}
 i - a scroll of fear {unknown}
 l - a scroll of noise {unknown}
Potions
 f - a potion of mutation {unknown}
 j - 2 potions of invisibility {unknown}
 k - a potion of enlightenment {unknown}
 m - a potion of heal wounds {unknown}
 n - a potion of lignification {unknown}
 o - a potion of ambrosia {unknown}


   Skills:
 + Level 3.1 Fighting
 - Level 1.3 Ranged Weapons
 + Level 2.5 Dodging
 + Level 2.4 Spellcasting
 - Level 2.6 Hexes
 - Level 0.8 Fire Magic


You had 5 spell levels left.
You knew the following spells:

 Your Spells              Type           Power      Damage    Failure   Level
a - Foxfire               Conj/Fire      12%        2x1d4     17%         1

Your spell library contained the following spells:

 Spells                   Type           Power      Damage    Failure   Level
 Jinxbite                 Hex            20%        N/A       10%         2
 Sting                    Tmut/Pois      4%         1d3       21%         1
 Sigil of Binding         Hex            10%        N/A       21%         3
 Inner Flame              Hex/Fire       7%         N/A       28%         3
 Poisonous Vapours        Pois/Air       2%         N/A       30%         2
 Cause Fear               Hex            5%         N/A       54%         4
 Dimensional Bullseye     Hex/Tloc       3%         N/A       75%         4
 Olgreb's Toxic Radiance  Pois           1%         N/A       89%         4
 Plasma Beam              Fire/Air       1%         2x1d11    100%        6
 Starburst                Conj/Fire      1%         6d3       100%        6


Dungeon Overview and Level Annotations

Branches:
Dungeon (3/15)

Altars:


Innate Abilities, Weirdness & Mutations

You are too large for most types of armour.
You have tough skin. (AC +1)


Message History

You shoot a sling bullet. The sling bullet hits the white imp.
The white imp is heavily wounded.
The white imp hits you but does no damage.
You shoot a sling bullet. The sling bullet hits the white imp.
The white imp is severely wounded.
The white imp gestures at you. The puff of frost hits you.
You shoot a sling bullet.
The sling bullet hits the white imp but does no damage.
The white imp is severely wounded.
The white imp hits you but does no damage.
You shoot a sling bullet.
The sling bullet barely misses the white imp.
The white imp gestures at you. The puff of frost misses you.
The white imp gestures at you. The puff of frost misses you.
You shoot a sling bullet.
The sling bullet closely misses the white imp.
The white imp hits you. The white imp freezes you.
You shoot a sling bullet.
The sling bullet completely misses the white imp.
The white imp hits you. The white imp freezes you.
You shoot a sling bullet.
The sling bullet barely misses the white imp.
The white imp closely misses you. The white imp gestures at you.
The puff of frost hits you!
You shoot a sling bullet.
The sling bullet barely misses the white imp.
The white imp gestures at you. The puff of frost hits you!
* * * LOW HITPOINT WARNING * * *
You shoot a sling bullet.
The sling bullet hits the white imp but does no damage.
The white imp is severely wounded.
The white imp hits you.
* * * LOW HITPOINT WARNING * * *
The white imp freezes you.
You die...

#### #.. #..
##.# ..#
.#######.##.#.##
.......@5.......
.........#....##
.#.#.#.......##
# #.#.#)....
#.........#
...........
.#####...... #.
.....


You could see a white imp.

Vanquished Creatures
  2 worms (D:2)
  An endoplasm (D:1)
  3 giant cockroaches
  4 goblins
  6 hobgoblins
  4 jackals (D:1)
  3 kobolds
  5 quokkas
  5 ball pythons
  5 bats
  3 frilled lizards
  A rat (D:1)
42 creatures vanquished.

Vanquished Creatures (others)
  67 foxfires
67 creatures vanquished.

Grand Total: 109 creatures vanquished

Notes
Turn   | Place    | Note
-------+----------+-------------------------------------------
     0 | D:1      | Shayle the Ogre Hexslinger began the quest for the Orb.
     0 | D:1      | Reached XP level 1. HP: 19/19 MP: 2/2
    48 | D:1      | Learned a level 1 spell: Foxfire
   359 | D:1      | Reached skill level 2 in Fighting
   359 | D:1      | Reached XP level 2. HP: 26/28 MP: 4/4
   698 | D:1      | Reached XP level 3. HP: 34/36 MP: 4/6
  1475 | D:2      | Reached skill level 3 in Fighting
  1984 | D:3      | Slain by a white imp

Illustrated notes

Levels and vault maps discovered:
D:1:      ncdulo_smallfort, layout_loops_cross
D:2:      layout_loops_ring
D:3:      layout_loops_ring, serial_shops, nicolae_shop_stone,
          chequers_serial_rivers_micro_d

Skill      XL: |  1  2  3 |
---------------+----------+-----
Dodging        | 2 |  2.5
Fighting       | 2 3 |  3.1
Spellcasting   | 2 |  2.4
Ranged Weapons | |  1.3
Hexes          | |  2.6
Fire Magic     | |  0.8

Action                     || total
---------------------------++-------
   Fire: Sling             ||    92
   Cast: Foxfire           ||    40
 Armour: Robe              ||    70
  Dodge: Dodged            ||    51

Table legend: (Time is in decaauts)
 A = Elapsed time spent in this place.
 B = Non-inter-level travel time spent in this place.
 C = Inter-level travel time spent in this place.
 D = Time resting spent in this place.
 E = Time spent auto-exploring this place.
 F = Levels seen in this place.
 G = Mean time per level.
                   A        B        C        D        E       F      G
               +--------+--------+--------+--------+--------+-----+--------+
         Total |   2014 |   1946 |     68 |     33 |   1519 |   3 |  671.3 |
       Dungeon |   2014 |   1946 |     68 |     33 |   1519 |   3 |  671.3 |
               +--------+--------+--------+--------+--------+-----+--------+

Top non-repeatable levels by time:
     D:2: 1063 daAuts
     D:1: 931 daAuts
     D:3: 19 daAuts
